Map: Overgrown Facility

Players

PureLegacy - Winner!

  • Race: Terran Terran
  • Spawn Location: 1:00

Akeron - Winner!

  • Race: Zerg Zerg
  • Spawn Location: 3:00

Whitetiger

  • Race: Zerg Zerg
  • Spawn Location: 7:00

Starlight

  • Race: Protoss Protoss
  • Spawn Location: 9:00

VOD

Have the link to the VOD?

Description

Time

  • Played on: Nov. 27, 2018, 3:12 p.m.
  • Length: 0:53
Show
View Real Time Build Order
Export as new Build Order

PureLegacy Terran - Winner!

Build Orders:  

Get SALT Encoding   

  12  0:00  SCV  
  13  0:13  SCV  
  14  0:18  Supply Depot  
  14  0:25  SCV  
  15  0:39  SCV  
  15  0:40  Barracks  
  16  0:45  Refinery  
Show
View Real Time Build Order
Export as new Build Order

Akeron Zerg - Winner!

Build Orders:  

Get SALT Encoding   

  12  0:08  Drone  
  13  0:18  Drone  
  13  0:21  Overlord  
  14  0:40  Drone x2  
Show
View Real Time Build Order
Export as new Build Order

Whitetiger Zerg 

Build Orders: Pool Only 

Get SALT Encoding   

  12  0:00  Drone  
  13  0:23  Spawning Pool  
  13  0:26  Extractor  
  11  0:29  Drone  
  11  0:34  Drone  
  13  0:39  Drone  
Show
View Real Time Build Order
Export as new Build Order

Starlight Protoss 

Build Orders:  

Get SALT Encoding   

  1  0:00  Probe  
  12  0:05  Probe  
  14  0:22  Pylon  
  14  0:24  Probe  
  15  0:40  Probe  
Tags
 
Add a new tag
Caveats
  • Supply blocks, unpowered buildings, or Contaminate may cause inaccurate times.
  • Supply counts are checked every 10 seconds.